 Dungeon Sprint DCSS version 0.32-a0-711-g016ad743e0 (webtiles) character file.

Game seed: 10985129232942892905

7523 Revguard the Grappler (level 10, -2/89 HPs)
             Began as a Pale Draconian Shapeshifter on Mar 15, 2024.
             Was the Champion of Beogh.
             Slain by a wolf (8 damage)
             ... in the Dungeon (Sprint V: "Ziggurat Sprint").
             The game lasted 00:08:25 (1237 turns).

Revguard the Grappler (Pale Draconian Shapeshifter) Turns: 1237, Time: 00:08:25

Health: -2/89      AC:  7    Str: 24    XL:     10   Next: 95%
Magic:  0/18       EV: 18    Int: 11    God:    Beogh [******]
Gold:   0          SH:  0    Dex: 19    Spells: 9/9 levels left

rFire   . .          .
                       - Unarmed
rCold   . . .        (shield currently unavailable)
rNeg    . . .        (body armour unavailable)
rPois   .            (helmet restricted)
rElec   .            (no cloak)
rCorr   .            (gloves currently unavailable)
SInv    .            (no boots)
Will    .....        u - amulet of guardian spirit
Stlth   ++           A - +6 ring of strength
HPRegen 0.34/turn    v - +6 ring of dexterity
MPRegen 0.16/turn

%: no teleportation, guardian spirit
@: blade hands, studying Unarmed Combat
A: walk on water, steam breath, AC +7, unfitting armour, cold-blooded, steam
resistance, hooves 1, frail 1, screaming 1
a: Steam Breath, Begin Untransformation, Renounce Religion, Smiting, Blood for
Blood


You were in the Dungeon.
You worshipped Beogh.
Beogh was exalted by your worship.
You had blades for hands.
You visited 1 branch

Inventory:

Missiles
 y - 3 throwing nets
Jewellery
 m - a ring of positive energy
 u - an amulet of guardian spirit (around neck)
 v - a +6 ring of dexterity (right blade hand)
 w - a +6 ring of dexterity
 z - a +6 ring of strength
 A - a +6 ring of strength (left blade hand)
 C - the amulet of the Supporting Gods {Faith ^Fragile rElec rCorr}
   (You found it in the Dungeon)

   [amulet of faith]

   Faith:     It allows you to gain divine favour quickly.
   rElec:     It insulates you from electricity.
   rCorr:     It protects you from acid and corrosion.
   ^Fragile:  It will be destroyed if unequipped.
 E - a ring of poison resistance
 F - a ring of ice
 G - a +6 ring of intelligence
Talismans
 b - a beast talisman
 c - a flux talisman
 B - a blade talisman (active)
Wands
 s - a wand of mindburst (4)
 t - a wand of light (11)
 D - a wand of paralysis (18)
 H - a wand of warping (6)
Scrolls
 i - a scroll of blinking
 o - 4 scrolls of amnesia
 p - 7 scrolls of fog
 q - 5 scrolls of identify
 r - 2 scrolls of fear
Potions
 a - a potion of lignification
 d - 9 potions of curing
 e - 4 potions of heal wounds
 f - 6 potions of haste
 g - 7 potions of magic
 h - 3 potions of berserk rage
 j - 2 potions of brilliance
 k - 2 potions of invisibility
 l - 4 potions of resistance
 n - 5 potions of might
Miscellaneous
 x - a box of beasts


   Skills:
 + Level 12.3 Fighting
 + Level 10.6 Dodging
 + Level 12.6 Unarmed Combat
 + Level 11.1 Invocations
 + Level 12.0 Evocations
 + Level 11.0 Shapeshifting


You had 9 spell levels left.
You didn't know any spells.
Your spell library contained the following spells:

 Spells                   Type           Power      Damage    Failure   Level
 Apportation              Tloc           0%         N/A       34%         1
 Summon Small Mammal      Summ           0%         N/A       34%         1
 Jinxbite                 Hex            0%         N/A       47%         2
 Anguish                  Hex/Necr       0%         N/A       98%         4
 Cause Fear               Hex            0%         N/A       98%         4
 Leda's Liquefaction      Alch/Erth      0%         N/A       98%         4
 Manifold Assault         Tloc           0%         N/A       98%         4
 Petrify                  Alch/Erth      0%         N/A       98%         4
 Alistair's Intoxication  Alch           0%         N/A       100%        5
 Metabolic Englaciation   Hex/Ice        0%         N/A       100%        5
 Yara's Violent Unravell  Hex/Alch       0%         3d3       100%        5
 Dispersal                Tloc           0%         N/A       100%        6
 Enfeeble                 Hex            0%         N/A       100%        7
 Disjunction              Tloc           0%         N/A       100%        8


Dungeon Overview and Level Annotations

Branches:
Dungeon (1/1)

Altars:
Ashenzari
Cheibriados
Dithmenos
Elyvilon
Fedhas
Gozag
Hepliaklqana
Kikubaaqudgha
Makhleb
Nemelex Xobeh
Okawaru
Qazlal
Ru
Sif Muna
Trog
Uskayaw
Vehumet
Wu Jian
Xom
Yredelemnul
Zin
The Shining One
Beogh
Jiyva
Lugonu

Annotations:
D 1 transporter


Innate Abilities, Weirdness & Mutations

You have blades for hands.
You are incapable of wielding weapons or throwing items.
You can walk on water.
Your facial features are unmistakably orcish.
You can breathe blasts of scalding, opaque steam.
Your pale cyan-grey scales are hard. (AC +7)
You cannot fit into any form of body armour.
You are cold-blooded and may be slowed by cold attacks.
You are immune to the effects of steam.
You have large cloven feet.
You are frail. (-10% HP)
You occasionally shout uncontrollably at your foes.


Message History

The spriggan hits you with a +0 rapier!
* * * LOW HITPOINT WARNING * * *
The wolf barely misses you. The black bear closely misses you.
The black bear misses you. The black bear closely misses you.
You barely miss the black bear. You kick the black bear.
You kill the black bear!
Beogh accepts your kill. The wolf barely misses you.
The spriggan barely misses you. The wolf closely misses you.
Your Shapeshifting skill increases to level 11!
You slash the spriggan! Your kick misses the spriggan.
The spriggan is heavily wounded.
The wolf bites you but does no damage. The wolf completely misses you.
The spriggan hits you with a +0 rapier.
* * * LOW HITPOINT WARNING * * *
You slice the spriggan!!
You kill the spriggan!
Beogh accepts your kill. The wolf closely misses you. The wolf bites you!
* * * LOW HITPOINT WARNING * * *
The wolf misses you.
Your Evocations skill increases to level 12!
You feel much better. The wolf misses you. The wolf bites you!
* * * LOW HITPOINT WARNING * * *
The wolf bites you but does no damage.
You closely miss the wolf. The wolf misses you. x2
You closely miss the wolf.
You tail-slap the wolf, but do no damage.
The wolf bites you.
* * * LOW HITPOINT WARNING * * *
The wolf closely misses you. x2
You hit the wolf but do no damage.
The wolf no longer looks unusually strong. x2
The wolf completely misses you. The wolf closely misses you.
The wolf barely misses you.
You hit the wolf but do no damage. You kick the wolf, but do no damage.
Your tail-slap misses the wolf.
The wolf bites you!
* * * LOW HITPOINT WARNING * * *
The wolf bites you!
You die...

▓...ß©ß...▓
▓..=|::=..▓
▓...)::|..▓
▓.........▓
▓.........▓
▓.........▓
▓.........▓
▓.▓....h▓h▓
▓....©.)@.▓
▓▓▓▓▓▓▓▓▓▓▓


You could see 2 wolves.

Vanquished Creatures
  A sixfirhy (D)
  A spriggan druid (D)
  An ugly thing (D)
  A cane toad (shapeshifter) (D)
  3 rime drakes (D)
  A rime drake (shapeshifter) (D)
  A tarantella (D)
  4 merfolk (D)
  3 spriggans (D)
  A ynoxinul (D)
  A wyvern (D)
  A steam dragon (D)
  A hog (shapeshifter) (D)
  2 neqoxecs (D)
  2 acid dragons (D)
  2 hell hounds (D)
  A black bear (D)
  2 ice beasts (D)
  2 wolves (D)
  5 scorpions (D)
  A crimson imp (D)
  An orc wizard (D)
  2 shadow imps (D)
  2 white imps (D)
  An ufetubus (D)
  A bat zombie (D)
  A ball python simulacrum (D)
  A jackal zombie (D)
  A quokka skeleton (D)
47 creatures vanquished.

Vanquished Creatures (collateral kills)
  2 soul eaters (D)
  A crimson imp (D)
3 creatures vanquished.

Grand Total: 50 creatures vanquished

Notes
Turn   | Place    | Note
-------+----------+-------------------------------------------
     0 | D        | Revguard the Draconian Shapeshifter began the quest for the
                  | Orb.
     0 | D        | Reached XP level 1. HP: 16/16 MP: 1/1
     0 | D        | Found a shimmering blue altar of Sif Muna.
     0 | D        | Found a bloodstained altar of Trog.
     0 | D        | Found a sacrificial altar of Ru.
     0 | D        | Found a stormy altar of Qazlal.
     0 | D        | Found an iron altar of Okawaru.
     1 | D        | Found a sparkling altar of Nemelex Xobeh.
     1 | D        | Found a blossoming altar of Fedhas.
     1 | D        | Found the +6 Majin-Bo {spellvamp, MP+6 Int+6}
     1 | D        | Found the +27 heavy crossbow "Sniper" {heavy, Acc+∞ SInv}
     1 | D        | Found the +10 dark maul {heavy}
     1 | D        | Found the +15 Maxwell's patent armour {-Cast -Tele rElec
                  | Will+ rCorr}
     1 | D        | Found the +18 shield of the Gong {Loud rN+ Will+ rCorr
                  | EV-5}
     1 | D        | Found the +16 obsidian axe {drain, demonic, Mesm ^Drain Fly
                  | SInv}
     1 | D        | Found the +7 great mace "Firestarter" {flame, immolate,
                  | rFlCloud rF++}
     1 | D        | Found the +6 shillelagh "Devastator" {shatter}
     1 | D        | Found the +11 plutonium sword {^Contam Stlth-}
     1 | D        | Found the +8 lance "Wyrmbane" {slay drac, rPois rF+ rC+
                  | AC+3}
     1 | D        | Found the +9 sword of Zonguldrok {reap}
     1 | D        | Found the +13 scythe of Curses {drain, curses, ^Drain}
     1 | D        | Found the +9 sword of Power {lifebolt}
     1 | D        | Found the +7 mace of Variability {chaos, chaos arc}
     1 | D        | Found the +11 Singing Sword {sonic wave}
     1 | D        | Found the +8 storm bow {elec, penet}
     3 | D        | Found a transporter.
     3 | D        | Found an ancient bone altar of Kikubaaqudgha.
     3 | D        | Found a viscous altar of Jiyva.
     3 | D        | Found a corrupted altar of Lugonu.
     3 | D        | Found a hazy altar of Hepliaklqana.
     3 | D        | Found a burning altar of Makhleb.
     3 | D        | Found an opulent altar of Gozag.
    21 | D        | Reached XP level 2. HP: 26/26 MP: 2/2
    31 | D        | Entered arena 2.
    31 | D        | Noticed a scorpion
    31 | D        | Noticed a scorpion
    31 | D        | Found a transporter.
    33 | D        | Killed a scorpion
    34 | D        | Reached skill level 5 in Shapeshifting
    34 | D        | Reached XP level 3. HP: 26/33 MP: 3/3
    36 | D        | Killed a scorpion
    37 | D        | Reached skill level 5 in Fighting
    37 | D        | Reached skill level 5 in Unarmed Combat
    37 | D        | Reached XP level 4. HP: 15/42 MP: 4/4
   115 | D        | Entered arena 3.
   115 | D        | Found a transporter.
   122 | D        | Reached XP level 5. HP: 41/48 MP: 5/5
   124 | D        | Became a worshipper of Beogh the Shepherd
   138 | D        | Entered arena 4.
   138 | D        | Noticed a tarantella
   138 | D        | Found a transporter.
   142 | D        | Reached skill level 5 in Dodging
   142 | D        | Reached skill level 1 in Invocations
   142 | D        | Reached skill level 5 in Evocations
   145 | D        | Killed a tarantella
   146 | D        | Reached XP level 6. HP: 29/58 MP: 5/8
   148 | D        | Reached * piety under Beogh
   151 | D        | Your scales start taking on a pale cyan-grey colour.
   151 | D        | Reached XP level 7. HP: 20/66 MP: 5/10
   151 | D        | Gained mutation: You are immune to the effects of steam.
                  | [Pale Draconian growth]
   154 | D        | Got the Quarto of the Gathering and Malisons
   325 | D        | Entered arena 5.
   325 | D        | Noticed a merfolk
   325 | D        | Noticed a merfolk
   325 | D        | Noticed a merfolk
   325 | D        | Noticed a merfolk
   325 | D        | Found a transporter.
   332 | D        | Killed a merfolk
   332 | D        | Killed a merfolk
   332 | D        | Reached ** piety under Beogh
   333 | D        | Reached skill level 5 in Invocations
   337 | D        | Killed a merfolk
   338 | D        | Reached XP level 8. HP: 34/75 MP: 5/12
   343 | D        | Killed a merfolk
   355 | D        | Got the amulet of the Supporting Gods {Faith ^Fragile rElec
                  | rCorr}
   510 | D        | Entered arena 6.
   510 | D        | Found a transporter.
   512 | D        | Reached *** piety under Beogh
   533 | D        | Entered arena 7.
   533 | D        | Noticed a soul eater
   533 | D        | Noticed a soul eater
   533 | D        | Noticed a sixfirhy
   542 | D        | Found a transporter.
   543 | D        | Reached **** piety under Beogh
   545 | D        | Killed a sixfirhy
   546 | D        | Reached XP level 9. HP: 49/84 MP: 0/14
   552 | D        | Killed a soul eater
   553 | D        | Reached skill level 10 in Fighting
   562 | D        | Killed a soul eater
   562 | D        | Reached ***** piety under Beogh
   563 | D        | Reached skill level 10 in Unarmed Combat
   563 | D        | Reached skill level 10 in Evocations
   732 | D        | Entered arena 8.
   732 | D        | Noticed a wind drake
   732 | D        | Noticed a green ugly thing
   732 | D        | Noticed a cane toad
   733 | D        | Found a transporter.
   734 | D        | a blink frog changed into a black mamba
   734 | D        | Noticed a black mamba (shapeshifter)
   735 | D        | a wind drake changed into something unseen
   739 | D        | Killed a cane toad
   739 | D        | Gained mutation: You occasionally shout uncontrollably at
                  | your foes. [a neqoxec]
   741 | D        | Gained mutation: You have large cloven feet. [a neqoxec]
   742 | D        | Gained mutation: You are frail. (-10% HP) [a neqoxec]
   745 | D        | a black mamba changed into a polar bear
   745 | D        | Noticed a polar bear (shapeshifter)
   746 | D        | Reached XP level 10. HP: 38/84 MP: 4/17
   752 | D        | Reached skill level 10 in Shapeshifting
   755 | D        | Killed a green ugly thing
   932 | D        | Entered arena 9.
   933 | D        | Found a transporter.
   936 | D        | Reached skill level 10 in Invocations
   937 | D        | Reached ****** piety under Beogh
   941 | D        | Reached skill level 10 in Dodging
  1126 | D        | Entered arena 10.
  1126 | D        | Found the +7 captain's cutlass {speed, disarm}
  1127 | D        | Found a transporter.
  1212 | D        | Entered arena 11.
  1212 | D        | Noticed a spriggan druid
  1213 | D        | Found a transporter.
  1223 | D        | Killed a spriggan druid
  1237 | D        | Slain by a wolf

Illustrated notes

Levels and vault maps discovered:
D:        sprint_v [room_start, room_1, room_2, room_3, room_4, room_5, room_6,
          room_7, room_8, room_9, room_10, room_11, room_12, room_13, room_14,
          room_15, room_16, room_17, room_18, room_19, room_20, room_21,
          room_22, room_23, room_24, room_25, room_26, room_27]

Skill      XL: |  1  2  3  4  5  6  7  8  9 10 |
---------------+-------------------------------+-----
Fighting       | 3 4 5 6 7 8 9 10 12 | 12.3
Dodging        | 3 4 5 6 7 8 9 10 | 10.6
Unarmed Combat | 4 5 6 7 8 9 10 12 | 12.6
Evocations     | 2 3 4 5 6 8 9 10 12 | 12.0
Shapeshifting  | 4 5 6 7 8 9 11 | 11.0
Invocations    | 3 4 6 7 9 11 | 11.1

Action                     |  1- 3 |  4- 6 |  7- 9 | 10-12 || total
---------------------------+-------+-------+-------+-------++-------
  Melee: Unarmed           |     5 |    14 |    43 |    54 ||   116
         Tailslap          |     3 |     4 |     8 |     5 ||    20
         Punch             |     1 |       |       |     2 ||     3
         Kick              |       |       |       |    17 ||    17
 Invoke: Convert to Beogh  |       |     1 |       |       ||     1
         Smiting           |       |       |     1 |       ||     1
Ability: Steam Breath      |       |       |     4 |     2 ||     6
  Evoke: Wand              |       |     3 |     4 |       ||     7
         Box of beasts     |       |       |     2 |       ||     2
    Use: Potion            |     1 |     1 |     4 |     2 ||     8
         Scroll            |       |       |     3 |       ||     3
   Stab: Invisible         |       |     2 |       |       ||     2
 Armour: Skin              |     4 |    16 |    34 |    47 ||   101
  Dodge: Dodged            |     1 |    11 |    59 |    85 ||   156
   Form: Flux              |       |       |     1 |       ||     1
         Blade             |       |       |       |     1 ||     1

Table legend: (Time is in decaauts)
 A = Elapsed time spent in this place.
 B = Non-inter-level travel time spent in this place.
 C = Inter-level travel time spent in this place.
 D = Time resting spent in this place.
 E = Time spent auto-exploring this place.
 F = Levels seen in this place.
 G = Mean time per level.
                   A        B        C        D        E       F      G
               +--------+--------+--------+--------+--------+-----+--------+
         Total |   1216 |   1216 |      0 |    729 |    168 |   1 | 1216.0 |
       Dungeon |   1216 |   1216 |      0 |    729 |    168 |   1 | 1216.0 |
               +--------+--------+--------+--------+--------+-----+--------+

Top non-repeatable levels by time:
       D: 1216 daAuts
